 Dungeon Crawl Stone Soup version 0.27-a0-1200-g94dc6ad4cf (webtiles) character file.

Game seed: 8360491732577468967

1991 lightspider the Gusty (level 9, -14/69 HPs)
             Began as a Purple Draconian Air Elementalist on June 1, 2021.
             Was a Follower of Makhleb.
             Demolished by Harold
             ... wielding a +1 short sword of speed
              (18 damage)
             ... on level 7 of the Dungeon.
             The game lasted 00:42:03 (7793 turns).

lightspider the Gusty (DrAE)                        Turns: 7793, Time: 00:42:07

Health: -14/69     AC: 10    Str: 11    XL:     9   Next: 1%
Magic:  2/17       EV: 13    Int: 21    God:    Makhleb [*.....]
Gold:   468        SH:  0    Dex: 12    Spells: 9/19 levels left

rFire    . . .     SeeInvis .   e - staff of air
rCold    . . .     Faith    .   (no shield)
rNeg     + . .     Spirit   .   (armour unavailable)
rPois    .         Reflect  .   j - +2 hat {Int+3}
rElec    +         Harm     .   (no cloak)
rCorr    .         Rampage  .   (no gloves)
Will     ++...                  A - +0 pair of boots
Stlth    ++........             (no amulet)
HPRegen  0.21/turn              k - ring of willpower
MPRegen  0.15/turn              v - ring of positive energy

@: swift, marked, quick
A: breathe power, AC +7, unfitting armour, cold-blooded
a: Breathe Dispelling Energy, Renounce Religion


You were on level 7 of the Dungeon.
You worshipped Makhleb.
Makhleb was aware of your devotion.
You visited 1 branch of the dungeon, and saw 7 of its levels.

You collected 468 gold pieces.

Inventory:

Hand Weapons
 b - a +1 vorpal war axe
Missiles
 t - 29 poisoned darts (quivered)
 B - a curare-tipped dart
Armour
 j - a +2 hat of intelligence (worn)
 A - a +0 pair of boots (worn)
Magical Staves
 e - a staff of air (weapon)
Jewellery
 g - an amulet of guardian spirit
 i - a ring of ice
 k - a ring of willpower (left hand)
 v - a ring of positive energy (right hand)
 w - a ring of ice
Wands
 a - a wand of paralysis (3)
 m - a wand of digging (7)
 r - a wand of mindburst (5)
 u - a wand of flame (21)
Scrolls
 c - a scroll of identify
 d - 2 scrolls of enchant weapon
 h - 2 scrolls of amnesia
 o - 2 scrolls of teleportation
 q - 2 scrolls of summoning
Potions
 f - a potion of brilliance
 l - a potion of magic
 n - 2 potions of attraction
 p - a potion of degeneration
 s - a potion of curing
 x - a potion of berserk rage
 z - a potion of lignification


   Skills:
 - Level 3.0 Fighting
 - Level 3.0 Staves
 + Level 4.8 Dodging
 - Level 1.8 Stealth
 + Level 5.8 Spellcasting
 + Level 4.8 Conjurations
 + Level 3.5 Hexes
 + Level 5.8 Air Magic
 - Level 2.6 Evocations


You had 9 spell levels left.
You knew the following spells:

 Your Spells              Type           Power      Damage    Failure   Level
a - Shock                 Conj/Air       100%       1d9       1%          1
b - Static Discharge      Conj/Air       43%        N/A       1%          2
c - Swiftness             Air            46%        N/A       2%          3
d - Cause Fear            Hex            10%        N/A       22%         4

Your spell library contained the following spells:

 Spells                   Type           Power      Damage    Failure   Level
 Airstrike                Air            23%        N/A       9%          4
 Beastly Appendage        Tmut           12%        N/A       10%         1
 Wereblood                Tmut           6%         N/A       16%         2
 Spider Form              Tmut/Pois      3%         N/A       30%         3
 Lightning Bolt           Conj/Air       21%        1d36      30%         5
 Silence                  Hex/Air        19%        N/A       36%         5
 Ice Form                 Ice/Tmut       6%         N/A       69%         4
 Yara's Violent Unravell  Hex/Tmut       6%         3d5       80%         5
 Hydra Form               Tmut           3%         N/A       95%         5
 Discord                  Hex            10%        N/A       100%        8


Dungeon Overview and Level Annotations

Branches:
Dungeon (7/15)             Temple (0/1) D:7

Altars:
Ashenzari
Dithmenos
Elyvilon
Fedhas
Makhleb
Nemelex Xobeh
Sif Muna
Trog
Wu Jian
Yredelemnul
Zin

Shops:
D:4 *

Annotations:
D:7 Harold


Innate Abilities, Weirdness & Mutations

You can breathe bolts of dispelling energy.
Your rich purple scales are hard. (AC +7)
You cannot fit into any form of body armour.
You are cold-blooded and may be slowed by cold attacks.


Message History

You become entangled in the net!
You struggle against the net.
You struggle against the net.
Casting: Shock (safe; 1% risk of failure)
Confirm with . or Enter, or press ? or * to list all spells.
You don't have enough magic to cast this spell.
You struggle against the net.
Harold hits you but does no damage.
Harold hits you with a +1 short sword of speed!
You rip the net and break free!
Harold hits you with a +1 short sword of speed.
* * * LOW HITPOINT WARNING * * *
Casting: Shock (safe; 1% risk of failure)
Confirm with . or Enter, or press ? or * to list all spells.
Aiming: Shock (safe; 1% risk of failure)
Press: ? - help, Shift-Dir - straight line, f/p - Harold
Aim: Harold, wielding a +1 short sword of speed and wearing a +0 scale mail (almost dead, 84% to hit)
Okay, then.
Casting: Shock (safe; 1% risk of failure)
Confirm with . or Enter, or press ? or * to list all spells.
You don't have enough magic to cast this spell.
Aiming: Mindburst
Press: ? - help, Shift-Dir - straight line, f/p - Harold
Aim: Harold, wielding a +1 short sword of speed and wearing a +0 scale mail (almost dead, chance to affect: 43%) Harold resists with some effort.
Harold hits you but does no damage.
Harold hits you with a +1 short sword of speed!
* * * LOW HITPOINT WARNING * * *
Aiming: Mindburst
Press: ? - help, Shift-Dir - straight line, f/p - Harold
Aim: Harold, wielding a +1 short sword of speed and wearing a +0 scale mail (almost dead, chance to affect: 43%) Harold resists with some effort.
Harold points at you and mumbles some strange words.
You barely resist.
Okay, then.
Aiming: Mindburst
Press: ? - help, Shift-Dir - straight line, f/p - Harold
Aim: Harold, wielding a +1 short sword of speed and wearing a +0 scale mail (almost dead, chance to affect: 43%) Harold resists with some effort.
Harold yells, "I don't have all day!"
Harold hits you with a +1 short sword of speed!!
You die...

##... ..###........#..
#####...# #...............
#.......###.......#.......
...............#......)..#
...##..........#........##
........#..........(......
...#..##...##.##...#
###..##...)##..##@.#.#..
##..###...#)#...@......#
....###..##)).........##
..>..#....#..........##
............#........#
#.##........(.....>#..#
#####.............##....
.# #....................
.......###.........# ..
.......##..####.....


You could see Harold.

Vanquished Creatures
  A two-headed ogre (D:6)
  Duvessa (D:4)
  2 orc warriors (D:6)
  2 ogres (D:4)
  A centaur (D:6)
  A kobold brigand (D:7)
  A bullfrog (D:6)
  A wyvern zombie (D:6)
  A scorpion (D:4)
  Dowan (D:4)
  A wyvern skeleton (D:6)
  2 bullfrog zombies (D:6)
  An orc priest (D:6)
  3 iguanas
  2 orc wizards
  A gnoll (D:3)
  A howler monkey skeleton (D:6)
  11 adders
  2 white imps
  2 adder skeletons (D:4)
  2 worms
  A dart slug (D:4)
  12 orcs
  4 endoplasms
  2 giant cockroaches
  6 goblins
  6 hobgoblins
  3 jackals (D:5)
  3 quokkas
  3 ball pythons
  4 bats
  3 frilled lizards (D:1)
  10 kobolds
  8 rats
105 creatures vanquished.

Vanquished Creatures (collateral kills)
  A giant cockroach (D:2)
1 creature vanquished.

Grand Total: 106 creatures vanquished

Notes
Turn   | Place    | Note
-------+----------+-------------------------------------------
     0 | D:1      | lightspider the Draconian Air Elementalist began the quest
                  | for the Orb.
     0 | D:1      | Reached XP level 1. HP: 14/14 MP: 3/3
   453 | D:1      | Found a faded altar of an unknown god.
   495 | D:1      | Reached XP level 2. HP: 19/20 MP: 5/5
   500 | D:1      | Learned a level 2 spell: Static Discharge
  1009 | D:2      | Reached XP level 3. HP: 27/27 MP: 0/6
  1176 | D:2      | Reached skill level 1 in Fighting
  1176 | D:2      | Reached skill level 1 in Staves
  1550 | D:2      | Reached XP level 4. HP: 35/35 MP: 5/7
  1818 | D:2      | Learned a level 3 spell: Swiftness
  1882 | D:3      | HP: 1/35 [iguana (12)]
  2359 | D:3      | Reached XP level 5. HP: 40/40 MP: 6/8
  2501 | D:3      | Found a broken altar of Ashenzari.
  3156 | D:3      | Identified a scroll of acquirement
  3156 | D:3      | Acquired a +2 hat of intelligence
  3430 | D:4      | Noticed an ogre
  3474 | D:4      | Killed an ogre
  3475 | D:4      | Reached skill level 1 in Evocations
  3475 | D:4      | Reached XP level 6. HP: 32/48 MP: 0/10
  3558 | D:4      | Found a shadowy altar of Dithmenos.
  3558 | D:4      | Noticed Dowan
  3558 | D:4      | Noticed Duvessa
  3572 | D:4      | Killed Duvessa
  3577 | D:4      | Killed Dowan
  3960 | D:4      | Found a white marble altar of Elyvilon.
  3961 | D:4      | Found a sparkling altar of Nemelex Xobeh.
  3961 | D:4      | Found a burning altar of Makhleb.
  3979 | D:4      | Became a worshipper of Makhleb the Destroyer
  4058 | D:4      | Found a blossoming altar of Fedhas.
  4058 | D:4      | Found a shimmering blue altar of Sif Muna.
  4060 | D:4      | Found a bloodstained altar of Trog.
  4113 | D:4      | You fall into a shaft and drop 3 floors!
  4363 | D:6      | Noticed an orc warrior
  4397 | D:7      | Noticed a kobold demonologist
  4425 | D:5      | Entered Level 5 of the Dungeon
  4444 | D:4      | Found a glowing silver altar of Zin.
  4444 | D:4      | Found a basalt altar of Yredelemnul.
  4448 | D:4      | Your scales start taking on a rich purple colour.
  4448 | D:4      | Reached XP level 7. HP: 41/56 MP: 4/12
  4624 | D:5      | Found an ornate altar of the Wu Jian Council.
  5581 | D:4      | Found Xesunyob's Lightly-Used Armoury.
  6538 | D:6      | Noticed a two-headed ogre
  6611 | D:6      | Reached * piety under Makhleb
  6737 | D:6      | Reached skill level 1 in Hexes
  6737 | D:6      | Reached XP level 8. HP: 63/63 MP: 6/14
  6883 | D:6      | Reached skill level 5 in Air Magic
  7247 | D:6      | Reached skill level 5 in Spellcasting
  7462 | D:6      | Killed a two-headed ogre
  7616 | D:7      | Found a staircase to the Ecumenical Temple.
  7650 | D:7      | Reached XP level 9. HP: 47/69 MP: 11/17
  7705 | D:7      | Learned a level 4 spell: Cause Fear
  7769 | D:7      | Noticed Harold
  7791 | D:7      | HP: 3/69 [Harold/+1 short sword of speed (14)]
  7793 | D:7      | Demolished by Harold

Illustrated notes

Levels and vault maps discovered:
D:1:      heliophobic_arrival_glass_houses, layout_rooms,
          ebering_ecumenical_altar_abandoned
D:2:      layout_basic
D:3:      layout_basic, evilmike_ruin_ashenzari, wad_rectangle_vault
D:4:      layout_loops_ring, nicolae_overflow_hidden_temple,
          nicolae_dithmenos_the_darkroom,
          chequers_temple_overflow_statue_of_worship,
          corexii_item_surrounded_by_moat, corexii_shack, minmay_shop_damaged,
          uniq_duvessa
D:5:      layout_loops_ring, amcnicky_altar_gilded
D:6:      layout_gridville, kennysheep_potato
D:7:      layout_cave_pools, minmay_temple_entry_wispy, uniq_harold

Skill      XL: |  1  2  3  4  5  6  7  8 |
---------------+-------------------------+-----
Dodging        | 2 3 4 |  4.8
Fighting       | 1 2 3 |  3.0
Staves         | 1 2 3 |  3.0
Conjurations   | 2 3 4 |  4.8
Evocations     | 1 2 |  2.6
Spellcasting   | 3 4 5 |  5.8
Air Magic      | 4 5 |  5.8
Hexes          | 1 3 |  3.5
Stealth        | |  1.8

Action                   |  1- 3 |  4- 6 |  7- 9 || total
-------------------------+-------+-------+-------++-------
Melee: Staff             |    20 |    45 |    20 ||    85
       Tailslap          |     2 |     2 |     4 ||     8
       War axe           |     1 |       |       ||     1
Throw: Dart              |       |       |     2 ||     2
 Cast: Shock             |    48 |    64 |    49 ||   161
       Static Discharge  |     4 |    20 |    46 ||    70
       Swiftness         |       |     1 |     2 ||     3
Evoke: Wand              |       |       |     7 ||     7
  Use: Scroll            |     4 |     5 |     9 ||    18
       Potion            |       |     3 |       ||     3
 Stab: Sleeping          |     1 |       |     1 ||     2
Armor: Skin              |     8 |    17 |    16 ||    41
Dodge: Dodged            |    20 |    61 |    38 ||   119

Table legend: (Time is in decaauts)
 A = Elapsed time spent in this place.
 B = Non-inter-level travel time spent in this place.
 C = Inter-level travel time spent in this place.
 D = Time resting spent in this place.
 E = Time spent auto-exploring this place.
 F = Levels seen in this place.
 G = Mean time per level.
                   A        B        C        D        E       F      G
               +--------+--------+--------+--------+--------+-----+--------+
         Total |   7807 |   7574 |    233 |   2694 |   3516 |   7 | 1115.3 |
       Dungeon |   7807 |   7574 |    233 |   2694 |   3516 |   7 | 1115.3 |
               +--------+--------+--------+--------+--------+-----+--------+

Top non-repeatable levels by time:
     D:6: 1824 daAuts
     D:4: 1622 daAuts
     D:2: 1241 daAuts
     D:3: 1140 daAuts
     D:5: 956 daAuts
     D:1: 790 daAuts
     D:7: 231 daAuts
